 Seeded DCSS version 0.31-a0-1403-gd128f73 (webtiles) character file.

Game seed: 3897415132402002117 (custom seed)

2494 PurpleRed the Spear-Bearer (level 9, 0/73 HPs)
             Began as a Merfolk Brigand on Dec 25, 2023.
             Was a Believer of Cheibriados.
             Slain by an orc warrior
             ... wielding a +0 long sword
              (8 damage)
             ... on level 6 of the Dungeon.
             The game lasted 00:13:22 (4464 turns).

PurpleRed the Spear-Bearer (Merfolk Brigand)        Turns: 4464, Time: 00:13:22

Health: 0/73       AC: 11    Str: 25    XL:     9   Next: 52%
Magic:  9/9        EV: 13    Int: 15    God:    Cheibriados [**....]
Gold:   233        SH:  0    Dex: 22    Spells: 8/8 levels left

rFire   . . .        f - +4 hand axe (flame)
rCold   + . .        (no shield)
rNeg    . . .        s - +0 scale mail
rPois   .            l - +0 helmet
rElec   .            c - +0 cloak
rCorr   .            u - +2 pair of gloves of Vermicelli {rC+ Dex+3}
SInv    .            (no boots)
Will    .....        F - amulet of the acrobat
Stlth   ++           J - +6 ring of strength
HPRegen 0.32/turn    (no ring)
MPRegen 0.11/turn

%: acrobat
@: mighty, very slow
A: (nimble swimmer 2), mertail
a: Renounce Religion, Bend Time


You were on level 6 of the Dungeon.
You worshipped Cheibriados.
Cheibriados was pleased with you.
You visited 1 branch of the dungeon, and saw 6 of its levels.

You collected 233 gold pieces.

Inventory:

Hand Weapons
 a - a +2 dagger
 f - a +4 hand axe of flaming (weapon)
 y - a +0 spear
 I - a +0 scythe
Missiles
 d - 16 poisoned darts (quivered)
 e - 3 curare-tipped darts
Armour
 b - a +0 robe
 c - a +0 cloak (worn)
 i - a +0 leather armour
 l - a +0 helmet (worn)
 s - a +0 scale mail (worn)
 u - the +2 pair of gloves of Vermicelli (worn) {rC+ Dex+3}
   (You found it on level 3 of the Dungeon)

   Dex+3:     It affects your dexterity (+3).
   rC+:       It protects you from cold.
Jewellery
 j - a ring of resist corrosion
 F - an amulet of the acrobat (around neck)
 J - a +6 ring of strength (left hand)
Wands
 q - a wand of mindburst (31)
 B - a wand of quicksilver (4)
 H - a wand of flame (31)
Scrolls
 g - a scroll of enchant weapon {unknown}
 k - 2 scrolls of fog {unknown}
 n - 2 scrolls of poison {unknown}
 o - a scroll of teleportation {unknown}
 p - a scroll of revelation {unknown}
 t - a scroll of immolation {unknown}
 x - 2 scrolls of identify {unknown}
 z - a scroll of silence {unknown}
 C - a scroll of blinking {unknown}
 E - a scroll of fear {unknown}
Potions
 h - 2 potions of curing
 m - a potion of ambrosia {unknown}
 r - a potion of might
 v - a potion of degeneration {unknown}
 w - a potion of brilliance {unknown}
 A - 2 potions of lignification {unknown}
 D - 2 potions of enlightenment {unknown}
 G - a potion of cancellation {unknown}


   Skills:
 + Level 7.7 Fighting
 - Level 2.4 Short Blades
 * Level 12.2 Polearms
 - Level 2.0 Throwing
 + Level 2.1 Armour
 + Level 4.3 Dodging
 - Level 4.3 Stealth


You had 8 spell levels left.
You didn't know any spells.
Your spell library was empty.

Dungeon Overview and Level Annotations

Branches:
Dungeon (6/15)
 Temple: D:4-7

Altars:
Cheibriados
Dithmenos
Fedhas
Kikubaaqudgha
Wu Jian

Shops:
D:2 [


Innate Abilities, Weirdness & Mutations

((You are very nimble when in or above water. (Stealth+, EV+, Speed+++)))
Your lower body shifts to a powerful aquatic tail in water.


Message History

The ice beast is severely wounded.
You completely miss the orc warrior.
The orc priest looks encouraged for a moment.
The orc warrior hits you but does no damage.
The ice beast completely misses you.
You hit the ice beast.
You melt the ice beast.
The ice beast is severely wounded.
You hit the orc warrior but do no damage.
The orc warrior barely misses you. The ice beast misses you.
The orc warrior barely misses you. The orc priest closely misses you.
You barely miss the ice beast.
The ice beast is severely wounded.
You closely miss the orc warrior. You closely miss the orc priest.
The ice beast hits you. The ice beast freezes you. You resist.
The orc priest closely misses you.
The orc warrior hits you with a +0 long sword!
* * * LOW HITPOINT WARNING * * *
The ice beast hits you.
* * * LOW HITPOINT WARNING * * *
The ice beast freezes you. You resist.
* * * LOW HITPOINT WARNING * * *
You barely miss the ice beast.
The ice beast is severely wounded.
You barely miss the orc priest. You barely miss the orc warrior.
The orc priest hits you but does no damage.
The orc warrior hits you with a +0 long sword.
* * * LOW HITPOINT WARNING * * *
The ice beast hits you.
* * * LOW HITPOINT WARNING * * *
The ice beast freezes you. You resist.
* * * LOW HITPOINT WARNING * * *
You feel better. The orc priest closely misses you.
The orc warrior barely misses you.
The ice beast hits you but does no damage.
Okay, then.
It was a potion of might.
You feel very mighty all of a sudden. The orc priest barely misses you.
The orc warrior hits you with a +0 long sword!
You die...

..........####.########..........
.......[######.....# ##..........
###.##.##........#.##............
......##........#...>#..........
#................#..###..........
#......#.........#..[...#........
#................... ###........
#.................#. ####
#.......#......o@## #.#...
#..............Yo# #...#
........#.......)###..###
.........##.............#
#...####.##.###.##..##...
................##.## #
..######.##.##.....##### ". ###
#.##.###.#...)..##.##..
.#######....^....#####........


You could see an orc warrior, an ice beast and an orc priest.

Vanquished Creatures
  Grinder (D:4)
  Sigmund (D:6)
  A black bear (D:5)
  A water moccasin (D:6)
  A sky beast (D:6)
  An ice beast (D:6)
  3 ogres (D:6)
  4 phantoms
  4 bullfrogs
  3 scorpions
  A howler monkey (D:4)
  2 bombardier beetles (D:5)
  4 hounds
  5 orc priests
  3 iguanas
  4 orc wizards
  Robin (D:2)
  8 adders
  A white imp (D:6)
  2 ufetubi (D:6)
  2 worms
  A dart slug (D:3)
  25 orcs
  2 bats (D:3)
  7 endoplasms
  2 giant cockroaches
  15 goblins
  10 hobgoblins
  2 jackals (D:2)
  8 kobolds
  6 quokkas
  11 ball pythons
  4 frilled lizards
  2 rats
148 creatures vanquished.

Notes
Turn   | Place    | Note
-------+----------+-------------------------------------------
     0 | D:1      | PurpleRed the Merfolk Brigand began the quest for the Orb.
     0 | D:1      | Reached XP level 1. HP: 16/16 MP: 1/1
   331 | D:1      | Reached skill level 1 in Polearms
   373 | D:1      | Reached XP level 2. HP: 23/23 MP: 2/2
   413 | D:1      | Reached skill level 2 in Polearms
   816 | D:2      | Reached XP level 3. HP: 28/28 MP: 3/3
   848 | D:2      | Noticed Robin
   854 | D:2      | Reached skill level 3 in Polearms
   862 | D:2      | Killed Robin
   959 | D:2      | Reached XP level 4. HP: 35/35 MP: 4/4
   975 | D:2      | Reached skill level 4 in Polearms
  1018 | D:2      | Found Huiluh's Antique Armour Shoppe.
  1668 | D:3      | Reached skill level 5 in Polearms
  1668 | D:3      | Reached XP level 5. HP: 27/42 MP: 5/5
  1745 | D:3      | Identified the +2 pair of gloves of Vermicelli {rC+ Dex+3}
  1934 | D:3      | Found a blossoming altar of Fedhas.
  2006 | D:3      | Reached XP level 6. HP: 48/48 MP: 6/6
  2040 | D:3      | Reached skill level 6 in Polearms
  2331 | D:4      | Noticed Grinder
  2339 | D:4      | Paralysed by Grinder for 2 turns
  2344 | D:4      | Killed Grinder
  2345 | D:4      | Reached skill level 5 in Fighting
  2345 | D:4      | Reached skill level 7 in Polearms
  2345 | D:4      | Reached XP level 7. HP: 49/56 MP: 7/7
  2466 | D:4      | Found an ornate altar of the Wu Jian Council.
  2543 | D:4      | Found an ancient bone altar of Kikubaaqudgha.
  2578 | D:4      | Reached skill level 8 in Polearms
  3037 | D:5      | Entered Level 5 of the Dungeon
  3056 | D:5      | Reached skill level 9 in Polearms
  3116 | D:5      | Found a snail-covered altar of Cheibriados.
  3146 | D:5      | Became a worshipper of Cheibriados the Contemplative
  3247 | D:5      | Reached XP level 8. HP: 56/64 MP: 8/8
  3346 | D:5      | Reached skill level 10 in Polearms
  3529 | D:5      | Found a shadowy altar of Dithmenos.
  3829 | D:5      | Reached * piety under Cheibriados
  4053 | D:6      | Reached skill level 11 in Polearms
  4107 | D:6      | Noticed Sigmund
  4116 | D:6      | Reached skill level 1 in Armour
  4116 | D:6      | Reached XP level 9. HP: 25/72 MP: 9/9
  4117 | D:6      | Killed Sigmund
  4425 | D:6      | Reached ** piety under Cheibriados
  4426 | D:6      | Reached skill level 12 in Polearms
  4462 | D:6      | HP: 2/73 [ice beast (5)]
  4464 | D:6      | Slain by an orc warrior

Illustrated notes

Levels and vault maps discovered:
D:1:      dpeg_arrival_snail, layout_basic
D:2:      layout_rooms, serial_shops, nicolae_shop_waterfront, uniq_robin
D:3:      layout_basic, fedhas_ov_isle_minmay
D:4:      layout_rooms, nzn_wu_jian_contemplation,
          nicolae_overflow_hidden_temple, uniq_grinder
D:5:      layout_loops_cross, mainiacjoe_overflow_surrounded_room,
          cheibrodos_worm_habitat, minmay_stone_trees_medium
D:6:      layout_rooms, minmay_starry_boxes, uniq_sigmund

Skill      XL: |  1  2  3  4  5  6  7  8  9 |
---------------+----------------------------+-----
Polearms       | 1 2 3 5 7 9 11 12 | 12.2
Fighting       | 3 4 5 6 7 |  7.7
Dodging        | 2 4 |  4.3
Armour         | 1 2 |  2.1
Short Blades   | |  2.4
Throwing       | |  2.0
Stealth        | |  4.3

Action                     |  1- 3 |  4- 6 |  7- 9 || total
---------------------------+-------+-------+-------++-------
  Melee: Hand axe          |    50 |   100 |   227 ||   377
         Tailslap          |       |     3 |       ||     3
         Punch             |       |       |     2 ||     2
  Throw: Dart              |       |     2 |     2 ||     4
  Evoke: Wand              |       |     6 |     4 ||    10
    Use: Potion            |       |       |     3 ||     3
   Stab: Sleeping          |    13 |     4 |     4 ||    21
 Armour: Leather armour    |    21 |    22 |       ||    43
         Scale mail        |       |    37 |   186 ||   223
  Dodge: Dodged            |    20 |    68 |   159 ||   247

Table legend: (Time is in decaauts)
 A = Elapsed time spent in this place.
 B = Non-inter-level travel time spent in this place.
 C = Inter-level travel time spent in this place.
 D = Time resting spent in this place.
 E = Time spent auto-exploring this place.
 F = Levels seen in this place.
 G = Mean time per level.
                   A        B        C        D        E       F      G
               +--------+--------+--------+--------+--------+-----+--------+
         Total |   4761 |   4432 |    329 |    110 |   3130 |   6 |  793.5 |
       Dungeon |   4761 |   4432 |    329 |    110 |   3130 |   6 |  793.5 |
               +--------+--------+--------+--------+--------+-----+--------+

Top non-repeatable levels by time:
     D:5: 1189 daAuts
     D:3: 893 daAuts
     D:1: 804 daAuts
     D:4: 752 daAuts
     D:2: 627 daAuts
     D:6: 493 daAuts
